 Dungeon Crawl Stone Soup version 0.27.0-1-g7a089689b8 (webtiles) character file.

Game seed: 15283505648431548113

36 dolemite99 the Ruffian (level 3, -2/31 HPs)
             Began as a Ghoul Monk on Aug 9, 2021.
             Was a Believer of Okawaru.
             Slain by a jackal (3 damage)
             ... on level 1 of the Dungeon.
             The game lasted 00:00:50 (749 turns).

dolemite99 the Ruffian (Ghoul Monk)                  Turns: 749, Time: 00:00:51

Health: -2/31      AC:  2    Str: 15    XL:     3   Next: 37%
Magic:  2/2        EV: 12    Int:  5    God:    Okawaru [**....]
Gold:   13         SH:  0    Dex: 11    Spells: 2/2 levels left

rFire    . . .     SeeInvis .     - Unarmed
rCold    + . .     Faith    .   (no shield)
rNeg     + + +     Spirit   .   a - +0 robe
rPois    ∞         Reflect  .   (no helmet)
rElec    .         Harm     .   (no cloak)
rCorr    .         Rampage  .   (no gloves)
Will     .....                  (no boots)
Stlth    ++........             (no amulet)
HPRegen  0.00/turn              (no ring)
MPRegen  0.08/turn              (no ring)

@: flying, inhibited regen
A: claws 1, cold resistance 1, negative energy resistance 3, inhibited
regeneration, torment resistance 2
a: Renounce Religion, Heroism


You were on level 1 of the Dungeon.
You worshipped Okawaru.
Okawaru was pleased with you.
You visited 1 branch of the dungeon, and saw 1 of its levels.

You collected 13 gold pieces.

Inventory:

Missiles
 b - 38 bolts
 h - 15 stones (quivered)
Armour
 a - a +0 robe (worn)
Scrolls
 c - 2 scrolls of identify {unknown}
 e - a scroll of amnesia {unknown}
 f - a scroll of enchant armour {unknown}
 g - a scroll of summoning {unknown}


   Skills:
 - Level 3.2 Fighting
 - Level 2.6 Dodging
 - Level 2.1 Stealth
 + Level 4.8 Unarmed Combat


You had 2 spell levels left.
You didn't know any spells.
Your spell library was empty.

Dungeon Overview and Level Annotations

Branches:
Dungeon (1/15)

Altars:
Okawaru


Innate Abilities, Weirdness & Mutations

You thrive by killing the living.
You are immune to poison.
You have sharp fingernails.
Your flesh is cold resistant. (rC+)
You are immune to negative energy. (rN+++)
You do not regenerate when monsters are visible.
You are immune to unholy pain and torment.


Message History

You scratch the jackal but do no damage.
The jackal bites you but does no damage.
You barely miss the jackal. The jackal bites you.
You scratch the jackal but do no damage.
The jackal barely misses you. The jackal closely misses you.
You claw the jackal!
You kill the jackal!
Okawaru accepts your kill.
You scratch the hobgoblin but do no damage.
The hobgoblin hits you.
You scratch the hobgoblin.
You kill the hobgoblin!
Okawaru accepts your kill.
You feel better. The bat hits you.
You miss the bat. The bat misses you.
You closely miss the bat. The bat hits you.
You closely miss the bat. The bat hits you.
You claw the bat!
You kill the bat!
Okawaru accepts your kill. The jackal barely misses you.
You closely miss the jackal.
The jackal bites you but does no damage.
You barely miss the jackal. The jackal bites you.
* * * LOW HITPOINT WARNING * * *
The jackal barely misses you. The jackal closely misses you.
The jackal barely misses you. The jackal closely misses you.
The jackal bites you.
* * * LOW HITPOINT WARNING * * *
The jackal bites you.
* * * LOW HITPOINT WARNING * * *
The jackal bites you.
* * * LOW HITPOINT WARNING * * *
It was a potion of flight.
You feel very buoyant.
You fly up into the air.
The jackal closely misses you. The jackal barely misses you.
The jackal bites you.
You die...

#h#.#.###.###.#.#.# ##....
#.......#.#.......# #..#..
#.###.#.#.#.#.###.###.####
#.J.#.........# #.##..# #
###.###)#.#.#####.#..##
##.J.#.....#...#...##
#....#.###.#......##
#......hh........##
#......h@.......##
#......h........##
#................##
#......)..........#
##.............##.####
##..........#.##....#
.......####.#.##....#
.............#.......#
..........#...#.##........


You could see an endoplasm and 4 jackals.

Vanquished Creatures
  2 dart slugs (D:1)
  6 bats (D:1)
  2 endoplasms (D:1)
  3 giant cockroaches (D:1)
  A goblin (D:1)
  3 hobgoblins (D:1)
  3 jackals (D:1)
  A quokka (D:1)
  3 kobolds (D:1)
  5 rats (D:1)
29 creatures vanquished.

Notes
Turn   | Place    | Note
-------+----------+-------------------------------------------
     0 | D:1      | dolemite99 the Ghoul Monk began the quest for the Orb.
     0 | D:1      | Reached XP level 1. HP: 19/19 MP: 0/0
    49 | D:1      | Reached XP level 2. HP: 12/26 MP: 1/1
   213 | D:1      | Reached skill level 4 in Unarmed Combat
   229 | D:1      | Found a faded altar of an unknown god.
   261 | D:1      | Became a worshipper of Warmaster Okawaru
   261 | D:1      | Reached * piety under Okawaru
   261 | D:1      | Reached ** piety under Okawaru
   432 | D:1      | Reached *** piety under Okawaru
   495 | D:1      | Reached XP level 3. HP: 31/31 MP: 2/2
   747 | D:1      | HP: 1/31 [jackal (3)]
   749 | D:1      | Slain by a jackal

Illustrated notes

Levels and vault maps discovered:
D:1:      roderic_chinese_lattice_arrival, layout_rooms,
          hellmonk_ecumenical_altar_pennies_from_heaven, minmay_tetromino_i4

Skill      XL: |  1  2 |
---------------+-------+-----
Unarmed Combat | 4 |  4.8
Fighting       | |  3.2
Dodging        | |  2.6
Stealth        | |  2.1

Action                   || total
-------------------------++-------
Melee: Unarmed           ||    93
       Punch             ||     2
Throw: Stone             ||     3
  Use: Potion            ||     1
 Stab: Sleeping          ||     1
Armor: Robe              ||    24
Dodge: Dodged            ||    84
